 Dungeon Crawl Stone Soup version 0.21.1-1-g345015f (webtiles) character file.

18 Hasart the Conjurer (level 2, 0/15 HPs)
             Began as a Tengu Conjurer on Mar 29, 2018.
             Slain by a gnoll
             ... wielding a +0 spear
              (5 damage)
             ... on level 1 of the Dungeon.
             The game lasted 00:01:58 (601 turns).

Hasart the Conjurer (Tengu Conjurer)                 Turns: 601, Time: 00:01:59

Health: 0/15       AC:  2    Str:  8    XL:     2   Next: 70%
Magic:  0/6        EV: 12    Int: 15    God:
Gold:   38         SH:  0    Dex: 14    Spells: 2/5 levels left

rFire    . . .     SeeInvis .   f - +0 whip
rCold    . . .     Gourm    .   (no shield)
rNeg     . . .     Faith    .   a - +0 robe
rPois    .         Spirit   .   (helmet restricted)
rElec    .         Reflect  .   (no cloak)
rCorr    .         Harm     .   (no gloves)
MR       .....                  (boots unavailable)
Stlth    ++........             (no amulet)
HPRegen  0.05/turn              (no ring)
MPRegen  0.10/turn              (no ring)

@: no status effects
A: beak, talons 3
a: no special abilities


You were on level 1 of the Dungeon.
You were not hungry.

You visited 1 branch of the dungeon, and saw 1 of its levels.

You collected 38 gold pieces.

Inventory:

Hand Weapons
 f - a +0 whip (weapon)
Armour
 a - a +0 robe (worn)
Scrolls
 e - 2 scrolls of remove curse {unknown}
Potions
 g - a potion of agility {unknown}
Books
 b - a book of Conjurations

   Spells                             Type                      Level
   a - Magic Dart                     Conjuration                  1
   b - Searing Ray                    Conjuration                  2
   c - Dazzling Spray                 Conjuration/Hexes            3
   d - Fulminant Prism                Conjuration/Hexes            4
   e - Force Lance                    Conjuration/Translocation    4
   f - Iskenderun's Mystic Blast      Conjuration                  4
Comestibles
 c - 2 rations
 d - 6 chunks of flesh


   Skills:
 - Level 2.1 Dodging
 - Level 2.0 Stealth
 + Level 2.3 Spellcasting
 * Level 6.0 Conjurations


You had 2 spell levels left.
You knew the following spells:

 Your Spells              Type           Power        Failure   Level  Hunger
a - Magic Dart            Conj           ###.         1%          1    #......
b - Searing Ray           Conj           ###...       2%          2    ###....


Dungeon Overview and Level Annotations

Branches:
Dungeon (1/15)

Altars:


Innate Abilities, Weirdness & Mutations

You have a beak for a mouth.
You have claws for feet.


Message History

The gnoll is moderately wounded. (Press . to maintain the ray.)
The searing ray hits the gnoll.
The gnoll is severely wounded.
Without enough magic to sustain it, your searing ray dissipates.
The gnoll hits you from afar with a spear.
A kobold comes into view.
The kobold shouts!
The kobold hits you.
The kobold throws a stone.
The stone hits you.
You see here a stone.
Casting: Searing Ray
Confirm with . or Enter, or press ? or * to list all spells.
Aiming: Magic Dart
Press: ? - help, Shift-Dir - straight line, f/p - gnoll
Aim: a gnoll, wielding a spear (severely wounded)
The magic dart hits the gnoll.
The gnoll is severely wounded.
The gnoll hits you from afar with a spear.
You die...

# ....####...............
...)'.................. #####
....####............... #
#....###### #....#'###..#...... #
#.............##.#.# ##.#...... #
#........#######.#.####..###... #
#........# #...g.........# #...
###........###.............# #...
................@.K........###...
...........###..............####.
..........................#.#....
...####.######............#.(....
..........#...............##(....
....###.#.#...............##.....
....#...#.#...............##.###)
....#.#.#.#....#############.# #.
###.###.#.#....# #.. #.


You could see a gnoll and a kobold.

Vanquished Creatures
  A dart slug (D:1)
  3 bats (D:1)
  2 goblins (D:1)
  2 hobgoblins (D:1)
  4 jackals (D:1)
  A kobold (D:1)
  2 rats (D:1)
15 creatures vanquished.

Notes
Turn   | Place    | Note
-------+----------+-------------------------------------------
     0 | D:1      | Hasart the Tengu Conjurer began the quest for the Orb.
     0 | D:1      | Reached XP level 1. HP: 10/10 MP: 4/4
   127 | D:1      | Reached XP level 2. HP: 14/15 MP: 0/6
   423 | D:1      | Reached skill level 6 in Conjurations
   536 | D:1      | Learned a level 2 spell: Searing Ray
   601 | D:1      | Slain by a gnoll

Skill      XL: |  1  2 |
---------------+-------+-----
Conjurations   | 6 |  6.0
Dodging        | |  2.1
Stealth        | |  2.0
Spellcasting   | |  2.3

Action                   || total
-------------------------++-------
Melee: Unarmed           ||     1
       Whip              ||     9
       Kick              ||     3
 Cast: Magic Dart        ||    28
       Searing Ray       ||     1
Armor: Robe              ||     3
Dodge: Dodged            ||    12
